 Dungeon Crawl Stone Soup version 5.7-8-g3a8b389 (webtiles) character file.

70183 Jano the Pandemonic (level 17, -7/131 HPs)
             Began as a Demonspawn Fighter on Oct 10, 2019.
             Was a High Priest of Makhleb.
             Engulfed by an ushabti (shapeshifter)'s negative energy (10 damage)
             ... on level 2 of the Vaults on Oct 11, 2019.
             The game lasted 01:35:57 (22774 turns).

Jano the Pandemonic (Demonspawn Fighter)           Turns: 22774, Time: 01:35:58

Health: -7/131     AC: 22 (39%)Str: 32  XL:     17   Next: 33%
Magic:  0/33       EV: 14    Int: 11    God:    Makhleb [5*[151]]
Gold:   339        SH: 28    Dex: 15    Spells: 25/25 levels left

rFire    x . .     SeeInvis .   l - +0 broad axe (vamp)
rCold    . . .     Faith    .   r - +4 shield of Resonance {-Cast rN+ Str+5 Int+2}
rNeg     + . .     Spirit   +   W - +0 plate armour {MR+}
rPois    +         Reflect  +   (helmet unavailable)
rElec    +         NoCast   +   N - +2 cloak {MR+}
rCorr    +                      T - +0 pair of gloves of Tira {MR++ rCorr}
MR       +++++                  x - +0 pair of boots
Stlth    ..........             Q - +3 amulet of reflection
Regen    0.4/turn               F - ring of poison resistance
MPRegen  0.6/turn               G - ring "Houmusk" {rElec rF- MP+9 Str+5 Slay+2}

@: slowed, drained, very slow
A: horns 3, icy blue scales 2, magic shield, magic regeneration, crystal skin,
reflection
}: 1/9 runes: gossamer
a: Minor Destruction, Lesser Servant of Makhleb, Hurl Damnation, Greater Servant
of Makhleb, Renounce Religion


You were on level 2 of the Vaults.
You worshipped Makhleb.
Makhleb was extremely pleased with you.
You were not hungry.

You visited 5 branches of the dungeon, and saw 23 of its levels.
You visited the bazaar 3 times.

You collected 2279 gold pieces.
You spent 1940 gold pieces at shops.

Inventory:

Hand Weapons
 l - a +0 vampiric broad axe (weapon)
 H - the +7 mace "Axataagoapne" {pain, rF+}
   (You found it on level 11 of the Dungeon)

   In the hands of one skilled in necromantic magic, it inflicts extra damage on
   living creatures.
   It protects you from fire.
 Z - a +5 broad axe of devastation
Missiles
 a - 17 frenzy darts
 v - 10 curare darts (quivered)
 y - 139 poisoned darts
 L - 252 javelins
Armour
 b - a +0 pair of gloves
 h - a +1 leather armour of fire resistance
 m - the +2 leather armour "Saceuhei" {rPois}
   (You found it on level 4 of the Dungeon)

   It protects you from poison.
 o - a +2 shield of protection
 r - the +4 shield of Resonance (worn) {-Cast rN+ Str+5 Int+2}
   (You found it on level 6 of the Dungeon)

   It affects your strength (+5).
   It affects your intelligence (+2).
   It protects you from negative energy.
   It prevents spellcasting.
 x - a +0 pair of boots (worn)
 K - a +1 robe of cold resistance
 N - a +2 cloak of magic resistance (worn)
 R - +0 acid dragon scales
 T - the +0 pair of gloves of Tira (worn) {MR++ rCorr}
   (You acquired it on level 3 of the Spider Nest)

   It affects your resistance to hostile enchantments.
   It protects you from acid and corrosion.
 W - a +0 plate armour of magic resistance (worn)
Jewellery
 p - a +5 ring of dexterity
 t - a +3 ring of protection
 F - a ring of poison resistance (left hand)
 G - the ring "Houmusk" (right hand) {rElec rF- MP+9 Str+5 Slay+2}
   (You found it on level 10 of the Dungeon)

   [ring of strength]

   It affects your strength (+5).
   It affects your accuracy and damage with ranged weapons and melee attacks
   (+2).
   It makes you vulnerable to fire.
   It insulates you from electricity.
   It affects your magic capacity (+9).
 J - an uncursed ring of ice
 M - an uncursed ring of positive energy
 P - an uncursed ring of wizardry
 Q - a +3 amulet of reflection (around neck)
Wands
 c - a wand of clouds (2)
 n - a wand of disintegration (11)
 z - a wand of confusion (13)
 A - a wand of slimification (5)
 B - a wand of iceblast (4)
 I - a wand of acid (10)
 O - a wand of flame (9)
 S - a wand of enslavement (12)
 Y - a wand of lightning (7)
Scrolls
 e - 6 scrolls of amnesia
 g - 3 scrolls of teleportation
 i - 4 scrolls of enchant armour
 j - 4 scrolls of magic mapping
 k - 7 scrolls of fog
 w - 3 scrolls of immolation
 D - 2 scrolls of fear
Potions
 d - 2 potions of ambrosia
 f - 2 potions of mutation
 q - a potion of cancellation
 s - 2 potions of flight
 E - 2 potions of lignification
Miscellaneous
 u - a box of beasts
 C - a lamp of fire
 X - a phial of floods


   Skills:
 - Level 11.0(10.9) Fighting
 + Level 7.7(10.7) Axes
 - Level 12.0(12.7) Maces & Staves
 - Level 1.7(1.6) Throwing
 - Level 8.0(7.9) Armour
 - Level 9.7(9.6) Dodging
 - Level 15.0(14.9) Shields
 - Level 18.1(18.0) Invocations
 - Level 5.5(5.4) Evocations


You had 25 spell levels left.
You didn't know any spells.
Your spell library contained the following spells:

 Spells                   Type           Power        Failure   Level  Hunger
 Fireball                 Fire           0 (200)      100%        5    N/A
 Conjure Flame            Fire/Air       0 (100)      100%        3    N/A
 Freeze                   Ice            0 (25)       95%         1    N/A
 Sticky Flame             Fire           0 (100)      100%        4    N/A
 Summon Ice Beast         Ice/Summ       0 (100)      100%        4    N/A
 Ozocubu's Armour         Chrm/Ice       0 (100)      100%        4    N/A
 Sublimation of Blood     Necr           0 (200)      98%         2    N/A
 Throw Icicle             Ice            0 (100)      100%        4    N/A
 Flame Tongue             Fire           0 (40)       95%         1    N/A
 Ignite Poison            Fire/Tmut      0 (100)      100%        3    N/A
 Call Canine Familiar     Summ           0 (100)      100%        3    N/A
 Ensorcelled Hibernation  Hex/Ice        0 (50)       98%         2    N/A
 Metabolic Englaciation   Hex/Ice        0 (200)      100%        5    N/A
 Summon Butterflies       Summ           0 (100)      95%         1    N/A
 Alistair's Intoxication  Tmut           0 (100)      100%        5    N/A
 Petrify                  Tmut/Erth      0 (100)      100%        4    N/A
 Summon Hydra             Summ           0 (200)      100%        7    N/A
 Searing Ray              Fire           0 (50)       98%         2    N/A
 Summon Mana Viper        Hex/Summ       0 (100)      100%        5    N/A
 Irradiate                Tmut           0 (200)      100%        5    N/A

Dungeon Overview and Level Annotations

Branches:
Dungeon (15/15) Spider (3/3) Orc:2 Slime (0/3) Orc:2 Orc (2/2) D:15 Vaults (2/3) D:15 Spider:3 Depths (0/3) D:15 Bazaar (1/1) Swamp: Orc:2 Shoals: Orc:2

Altars:
Cheibriados
Dithmenos
Elyvilon
Gozag
Jiyva
Kikubaaqudgha
Lugonu
Makhleb
Nemelex Xobeh
Okawaru
Qazlal
Ru
Sif Muna
Trog
Uskayaw
Vehumet
Wu Jian
Xom
Yredelemnul
Zin
The Shining One

Shops:
Bazaar :}([(:*[*!}

Annotations:
Vaults:2 Donald


Innate Abilities, Weirdness & Mutations

You have a pair of large horns on your head.
You are mostly covered in icy blue scales. (AC +3)
When hurt, damage is shared between your health and your magic reserves.
You regenerate magic rapidly.
Your crystalline skin blocks enemy attacks. (SH +6)
Your crystalline skin reflects projectiles.


Message History

The troll changes into an ushabti!
The vault warden activates a sealing rune.
Unknown command.
Unknown command.
Donald blocks your attack.
Donald is heavily wounded.
You block Donald's attack. The vault warden misses you.
Donald hits you with a +6 double sword of devastation (44)!!!
* * * LOW HITPOINT WARNING * * *
The blow is devastating (14)!
* * * LOW HITPOINT WARNING * * *
The ushabti shakes and rattles.
The vile air hits you!
Unknown command.
Unknown command.
You hit Donald but do no damage. You headbutt Donald (10)!
Donald is severely wounded.
You are engulfed in negative energy (12).
You resist. You partially resist.
You die...

#######..#).#).
#.....#....###.
#.....#..#..#.. #
+.....'..#..... #.
#.....#..###.## # #..
#.....#........ +. ..
#.....#........
#..####+####.######+##'###
#......p@@...# .........#.
#.......))ยง..#
.........## #..........8.#
.........#. #............#
.........'. #............#
.........#.
....########..#
.........#. ##. #..#
.........#. # #..#
.........#. # .........##


You could see a vault warden, Donald and an ushabti shaped shifter.

Vanquished Creatures
  Arachne (Spider:3)
  Jorgrun (Spider:2)
  A frost giant (Vaults:2)
  An orc warlord (Orc:2)
  3 vault wardens
  2 ghost moths (Spider:3)
  2 emperor scorpions (Spider:3)
  4 ironheart preservers
  4 spark wasps (Spider:3)
  An ettin (Vaults:1)
  3 yaktaur captains
  A great orb of eyes (Vaults:2)
  11 vault guards
  A fire dragon (Vaults:1)
  A quicksilver dragon skeleton (D:15)
  A centaur warrior (Vaults:2)
  2 hydras
  A deep troll shaman (Vaults:2)
  A tengu warrior (D:14)
  8 ogre magi
  20 two-headed ogres
  A vampire mage (D:15)
  4 death scarabs (Spider:3)
  A deep elf knight (Vaults:2)
  A storm dragon zombie (D:15)
  10 skeletal warriors
  A wizard (D:15)
  A flayed ghost (Vaults:2)
  2 unseen horrors
  2 deep elf archers (Vaults:2)
  2 deep trolls (Vaults:2)
  A wolf spider zombie (Spider:3)
  5 orc knights
  A harpy (Vaults:2)
  4 ironbrand convokers
  14 wolf spiders
  4 deep elf magi
  7 orc sorcerers
  14 ugly things
  3 cyclopes
  7 hornets
  A centaur zombie (D:12)
  2 moths of wrath
  A moth of wrath (shapeshifter) (D:13)
  4 vault sentinels
  A torpor snail (D:13)
  9 orb spiders
  3 gargoyles
  A spiny frog (D:12)
  2 efreet
  12 yaktaurs
  3 rime drakes
  A rime drake (shapeshifter) (D:15)
  A freezing wraith (shapeshifter) (D:14)
  6 demonic crawlers
  3 spectral redbacks (Spider:3)
  A meliai (D:15)
  18 jumping spiders
  4 trolls
  A spectral jumping spider (Spider:3)
  An ettin zombie (D:15)
  A blink frog (D:12)
  9 slime creatures
  A hornet zombie (Spider:3)
  A jumping spider zombie (Spider:3)
  A meliai zombie (D:13)
  A spectral hornet (Spider:3)
  2 tarantella zombies (Spider:3)
  2 spectral tarantellas (Spider:3)
  An air elemental (shapeshifter) (D:14)
  Sigmund (D:4)
  A water elemental (D:14)
  18 tarantellas
  A wraith (D:12)
  4 shadows
  A vampire (D:12)
  22 redbacks
  4 yaks (D:10)
  5 wyverns
  Grum (D:8)
  2 angry ghosts
  3 wargs
  Menkaure (D:8)
  An acid dragon (D:12)
  2 water moccasins
  18 orc warriors
  2 ice beasts
  4 wasps
  10 centaurs
  2 boggarts (Vaults:2)
  41 ogres
  3 wolves (D:8)
  A rime drake zombie (D:12)
  2 wyvern zombies (D:11)
  A bullfrog (D:7)
  2 wyvern skeletons
  6 scorpions
  4 crimson imps
  16 killer bees
  A howler monkey (D:4)
  An electric eel (D:14)
  A wasp zombie (D:11)
  4 gnoll shamans
  A hound (D:8)
  12 orc priests
  5 centaur skeletons
  5 jellies
  7 orc wizards
  Natasha (thrice) (D:3)
  7 worker ants
  3 iguanas
  2 hound skeletons
  63 gnolls
  12 adders
  An ooze (D:3)
  A dart slug (D:1)
  36 orcs
  13 quokkas
  5 bats
  4 giant cockroaches
  7 hobgoblins
  14 jackals (D:6)
  4 kobolds
  3 ball pythons
  3 frilled lizards
  5 goblins
  8 rats
659 creatures vanquished.

Vanquished Creatures (collateral kills)
  2 orc warlords (Orc:2)
  2 vault wardens (Vaults:1)
  An ironheart preserver (Vaults:1)
  A stone giant (Vaults:1)
  Fannar (D:11)
  A rakshasa (Vaults:1)
  2 vault guards (Vaults:1)
  5 two-headed ogres (Orc:2)
  An ogre mage (Orc:2)
  4 death scarabs (Spider:3)
  A skeletal warrior (D:15)
  A wizard (Vaults:1)
  2 spectral wolf spiders (Spider:3)
  3 ironbrand convokers
  A necromancer (D:15)
  4 wolf spiders
  An elephant (shapeshifter) (D:15)
  Psyche (D:8)
  A demonic crawler (Spider:3)
  A yaktaur zombie (D:15)
  A spectral redback (Spider:3)
  An efreet (D:15)
  2 redback zombies (Spider:3)
  3 jumping spiders (Spider:3)
  2 spectral tarantellas (Spider:3)
  2 meliai (D:15)
  A hornet zombie (Spider:3)
  A spectral jumping spider (Spider:3)
  2 blink frogs (D:12)
  A meliai zombie (D:12)
  A slime creature (Vaults:1)
  A tarantella (Spider:3)
  A redback (Spider:3)
  A warg (Orc:2)
  An acid dragon (D:15)
  10 orc warriors
  A wasp (D:8)
  5 ogres
  A wyvern zombie (D:15)
  A scorpion (Orc:2)
  6 killer bees
  4 orc priests
  4 orc wizards (Orc:2)
  10 orcs
  4 giant cockroaches (Orc:2)
103 creatures vanquished.

Vanquished Creatures (others)
  A yaktaur captain (Vaults:2)
  A centaur warrior (D:13)
  A cyclops (D:12)
  3 yaktaurs
  A human (D:15)
  3 centaurs
  An orc (Orc:1)
  A quokka (D:5)
  A fungus (D:14)
  4 plants
17 creatures vanquished.

Grand Total: 779 creatures vanquished

Notes
Turn   | Place    | Note
-------+----------+-------------------------------------------
     0 | D:1      | Jano the Demonspawn Fighter began the quest for the Orb.
     0 | D:1      | Reached XP level 1. HP: 18/18 MP: 2/2
    92 | D:1      | Gained mutation: You regenerate magic rapidly. [demonic ancestry]
    92 | D:1      | Reached XP level 2. HP: 24/24 MP: 3/3
   756 | D:2      | Found a burning altar of Makhleb.
   814 | D:2      | Found a faded altar of an unknown god.
   850 | D:2      | Gained mutation: Your crystalline skin blocks enemy attacks. (SH +6) [demonic ancestry]
   850 | D:2      | Reached XP level 3. HP: 26/29 MP: 5/5
   938 | D:2      | Found an ancient bone altar of Kikubaaqudgha.
  1021 | D:2      | Found an ornate altar of the Wu Jian Council.
  1136 | D:2      | Became a worshipper of Makhleb the Destroyer
  1189 | D:2      | Found a corrupted altar of Lugonu.
  1295 | D:2      | Found a glowing golden altar of the Shining One.
  1304 | D:2      | Reached skill level 1 in Invocations
  1304 | D:2      | Gained mutation: You have a pair of small horns on your head. [demonic ancestry]
  1304 | D:2      | Reached XP level 4. HP: 30/35 MP: 6/6
  1364 | D:3      | Noticed Natasha
  1370 | D:3      | Killed Natasha
  1401 | D:3      | Reached skill level 2 in Invocations
  1416 | D:3      | Noticed Natasha
  1422 | D:3      | Killed Natasha
  1422 | D:3      | Reached skill level 1 in Dodging
  1422 | D:3      | Reached XP level 5. HP: 38/41 MP: 7/7
  1425 | D:3      | Noticed Natasha
  1434 | D:3      | Killed Natasha
  1466 | D:3      | Found a shadowy altar of Dithmenos.
  1529 | D:3      | Found a snail-covered altar of Cheibriados.
  1559 | D:3      | HP: 2/41 [worker ant (5)]
  1885 | D:3      | Found a shimmering altar of Xom.
  1890 | D:3      | Reached skill level 3 in Invocations
  1922 | D:3      | Gained mutation: You have a pair of horns on your head. [demonic ancestry]
  1922 | D:3      | Reached XP level 6. HP: 33/47 MP: 9/9
  1935 | D:3      | Reached * piety under Makhleb
  2687 | D:4      | Found a sparkling altar of Nemelex Xobeh.
  2702 | D:4      | Noticed Sigmund
  2742 | D:4      | Reached skill level 4 in Invocations
  2742 | D:4      | Reached XP level 7. HP: 53/53 MP: 10/10
  2807 | D:4      | Found a stormy altar of Qazlal.
  3023 | D:4      | Found a radiant altar of Vehumet.
  3062 | D:4      | Got the +2 leather armour "Saceuhei" {rPois}
  3151 | D:4      | Killed Sigmund
  3151 | D:4      | Reached skill level 5 in Shields
  3228 | D:5      | Entered Level 5 of the Dungeon
  3228 | D:5      | Found a basalt altar of Yredelemnul.
  3280 | D:5      | Reached ** piety under Makhleb
  3283 | D:5      | Reached skill level 5 in Invocations
  3366 | D:5      | Reached XP level 8. HP: 15/60 MP: 11/11
  3895 | D:5      | Found an opulent altar of Gozag.
  4115 | D:5      | Found a deep blue altar of Sif Muna.
  4279 | D:5      | Found a hide-covered altar of Uskayaw.
  4279 | D:5      | Found a bloodstained altar of Trog.
  4357 | D:5      | Found a white marble altar of Elyvilon.
  4519 | D:6      | Reached skill level 5 in Maces & Staves
  4649 | D:6      | Reached skill level 6 in Invocations
  4720 | D:6      | Got the +4 shield of Resonance {-Cast rN+ Str+5 Int+2}
  4840 | D:6      | Found an iron altar of Okawaru.
  4882 | D:6      | Found a sacrificial altar of Ru.
  4892 | D:6      | Reached *** piety under Makhleb
  5116 | D:6      | Reached XP level 9. HP: 62/66 MP: 13/13
  5251 | D:6      | Reached skill level 5 in Fighting
  5342 | D:6      | Reached **** piety under Makhleb
  5359 | D:6      | Reached skill level 7 in Invocations
  5849 | D:7      | Found a viscous altar of Jiyva.
  5878 | D:7      | Reached skill level 8 in Invocations
  5981 | D:7      | Found a glowing silver altar of Zin.
  6060 | D:8      | Noticed Grum
  6075 | D:8      | Killed Grum
  6339 | D:8      | Reached skill level 9 in Invocations
  6339 | D:8      | Gained mutation: You are partially covered in icy blue scales. (AC +2) [demonic ancestry]
  6339 | D:8      | Reached XP level 10. HP: 58/74 MP: 15/15
  6516 | D:8      | Noticed Psyche
  6524 | D:8      | Killed Psyche
  6676 | D:8      | Noticed Menkaure
  6681 | D:8      | Killed Menkaure
  7015 | D:9      | Reached skill level 1 in Throwing
  7644 | D:10     | Entered Level 10 of the Dungeon
  8063 | D:10     | Reached ***** piety under Makhleb
  8063 | D:10     | Reached skill level 10 in Invocations
  8373 | D:10     | Noticed a two-headed ogre
  8375 | D:10     | Noticed an ogre mage
  8376 | D:10     | Noticed a two-headed ogre
  8379 | D:10     | Noticed a two-headed ogre
  8396 | D:10     | Killed an ogre mage
  8396 | D:10     | Reached skill level 5 in Dodging
  8402 | D:10     | Killed a two-headed ogre
  8402 | D:10     | Gained mutation: You are mostly covered in icy blue scales. (AC +3) [demonic ancestry]
  8402 | D:10     | Reached XP level 11. HP: 70/81 MP: 16/16
  8406 | D:10     | Killed a two-headed ogre
  8416 | D:10     | Killed a two-headed ogre
  8617 | D:10     | Noticed a two-headed ogre
  8633 | D:10     | Killed a two-headed ogre
  8650 | D:10     | Got the ring "Houmusk" {rElec rF- MP+9 Str+5 Slay+2}
  8915 | D:11     | Noticed a cyan ugly thing
  8918 | D:11     | Noticed Fannar
  8920 | D:11     | Noticed a green death
  8930 | D:11     | Noticed an unseen horror
  8940 | D:11     | Killed an unseen horror
  8940 | D:11     | Reached skill level 11 in Invocations
  9007 | D:11     | Got the +7 mace "Axataagoapne" {pain, rF+}
  9049 | D:11     | Found a gateway to a bazaar.
  9163 | D:11     | Killed Fannar
  9217 | D:11     | Noticed a red ugly thing
  9226 | D:11     | Killed a red ugly thing
  9357 | D:11     | Killed a cyan ugly thing
  9597 | Bazaar   | Entered a bazaar
  9597 | Bazaar   | Found Ejan's Weapon Boutique.
  9597 | Bazaar   | Found Tyidif's Book Shoppe.
  9597 | Bazaar   | Found Buapuec's Book Shop.
  9597 | Bazaar   | Found Voeblaonk's Antique Weapon Shoppe.
  9599 | Bazaar   | Found Pialeol's Assorted Antiques.
  9639 | Bazaar   | Bought a +1 cloak of magic resistance for 660 gold pieces
  9672 | Bazaar   | Bought a +0 pair of boots for 153 gold pieces
  9869 | D:12     | Gained mutation: Your crystalline skin reflects projectiles. [demonic ancestry]
  9869 | D:12     | Reached XP level 12. HP: 74/89 MP: 17/17
 10161 | D:12     | Reached skill level 10 in Maces & Staves
 10161 | D:12     | Reached skill level 12 in Invocations
 10163 | D:12     | Reached skill level 10 in Shields
 10299 | D:12     | Noticed a six-headed hydra
 10306 | D:12     | Killed a six-headed hydra
 10571 | D:13     | Found a corrupted altar of Lugonu.
 10757 | D:13     | Noticed a nine-headed hydra
 10762 | D:13     | Killed a nine-headed hydra
 10808 | D:13     | Reached skill level 5 in Armour
 11057 | D:13     | Noticed a centaur warrior
 11067 | D:13     | Killed a centaur warrior
 11259 | D:13     | Reached XP level 13. HP: 96/96 MP: 19/19
 11470 | D:14     | Found a corrupted altar of Lugonu.
 11527 | D:14     | Reached skill level 13 in Invocations
 12234 | D:15     | Entered Level 15 of the Dungeon
 12761 | D:15     | Reached skill level 14 in Invocations
 12979 | D:15     | Found a gateway to a bazaar.
 13146 | D:15     | Found a staircase to the Orcish Mines.
 13439 | D:15     | Gained mutation: When hurt, damage is shared between your health and your magic reserves. [demonic ancestry]
 13439 | D:15     | Reached XP level 14. HP: 83/106 MP: 20/20
 13442 | D:15     | Found a snail-covered altar of Cheibriados.
 13443 | D:15     | Found a staircase to the Depths.
 13741 | D:15     | Found a gate to the Vaults.
 13790 | Orc:1    | Entered Level 1 of the Orcish Mines
 14260 | Orc:2    | Entered Level 2 of the Orcish Mines
 14260 | Orc:2    | Found a staircase to the Slime Pits.
 14260 | Orc:2    | Found a viscous altar of Jiyva.
 14293 | Orc:2    | Noticed an orc warlord
 14328 | Orc:2    | Killed an orc warlord
 14351 | Orc:2    | Noticed an orc warlord
 14364 | Orc:2    | Killed an orc warlord
 14407 | Orc:2    | Found a hole to the Spider Nest.
 14502 | Orc:2    | Found a gateway to a bazaar.
 14507 | Orc:2    | Reached skill level 15 in Invocations
 14568 | Orc:2    | Reached ****** piety under Makhleb
 14614 | Orc:2    | Reached XP level 15. HP: 114/114 MP: 22/22
 14833 | Orc:2    | Noticed an orc warlord
 15134 | Orc:2    | Paralysed by an orc sorcerer for 2 turns
 15160 | Orc:2    | Killed an orc warlord
 15478 | Bazaar   | Bought a phial of floods for 680 gold pieces
 15488 | Bazaar   | Bought a potion of heal wounds for 45 gold pieces
 15488 | Bazaar   | Bought a potion of augmentation for 45 gold pieces
 15527 | Spider:1 | Entered Level 1 of the Spider Nest
 16524 | Spider:2 | Noticed Jorgrun
 16544 | Spider:2 | Killed Jorgrun
 16544 | Spider:2 | Reached skill level 10 in Fighting
 17412 | Spider:3 | Entered Level 3 of the Spider Nest
 17425 | Spider:3 | Noticed Arachne
 17441 | Spider:3 | Killed Arachne
 17851 | Spider:3 | Reached skill level 16 in Invocations
 18256 | Spider:3 | Reached skill level 1 in Evocations
 18392 | Spider:3 | Noticed a ghost moth
 18403 | Spider:3 | Killed a ghost moth
 18694 | Spider:3 | Noticed a ghost moth
 18975 | Spider:3 | HP: 5/116 [emperor scorpion (13)]
 19554 | Spider:3 | Reached XP level 16. HP: 112/123 MP: 23/23
 19858 | Spider:3 | Reached skill level 15 in Shields
 19915 | Spider:3 | Got the +0 pair of gloves of Tira {MR++ rCorr}
 20142 | Spider:3 | HP: 5/123 [death scarab (2)]
 20357 | Spider:3 | Reached skill level 17 in Invocations
 20365 | Spider:3 | Found a gate to the Vaults.
 20391 | Spider:3 | Got a gossamer rune of Zot
 20404 | Vaults:1 | Entered Level 1 of the Vaults
 21216 | Vaults:1 | Found a gateway to a bazaar.
 21253 | Bazaar   | Bought a scroll of teleportation for 93 gold pieces
 21262 | Bazaar   | Bought a wand of acid (8) for 264 gold pieces
 21330 | Vaults:1 | Reached skill level 5 in Evocations
 21654 | Vaults:1 | Reached skill level 18 in Invocations
 22170 | Vaults:2 | Reached skill level 1 in Axes
 22205 | Vaults:2 | Found a gateway to a bazaar.
 22304 | Vaults:2 | Gained mutation: You have a pair of large horns on your head. [demonic ancestry]
 22304 | Vaults:2 | Reached XP level 17. HP: 114/131 MP: 24/24
 22420 | Vaults:2 | Reached skill level 5 in Axes
 22741 | Vaults:2 | Noticed Donald
 22755 | Vaults:2 | HP: 5/131 [Donald/+6 double sword of devastation (2)]
 22773 | Vaults:2 | HP: 3/131 [Donald/+6 double sword of devastation (10)]
 22774 | Vaults:2 | Engulfed by an ushabti (shapeshifter)'s negative energy

Skill      XL: |  1  2  3  4  5  6  7  8  9 10 11 12 13 14 15 16 17 |
---------------+----------------------------------------------------+-----
Shields        | 3 4 5 6 7 8 9 11 12 13 14 15 | 15.0
Maces & Staves | 2 3 4 5 6 8 9 10 11 12 | 12.0
Armour         | 3 4 5 6 8 |  8.0
Invocations    | 1 2 3 4 5 6 9 10 11 12 14 15 16 18 | 18.1
Dodging        | 1 3 5 6 8 9 |  9.7
Fighting       | 4 5 6 7 8 9 10 11 | 11.0
Throwing       | 1 |  1.7
Evocations     | 3 5 |  5.5
Axes           | 3 7 |  7.7

Action                   |  1- 3 |  4- 6 |  7- 9 | 10-12 | 13-15 | 16-18 || total
-------------------------+-------+-------+-------+-------+-------+-------++-------
Melee: Flail             |   146 |   180 |   446 |   196 |       |       ||   968
       Headbutt          |       |    23 |   125 |   153 |   407 |   173 ||   881
       Whip              |       |       |     3 |       |       |       ||     3
       Mace              |       |       |       |   253 |  1159 |   324 ||  1736
       Broad axe         |       |       |       |       |       |   206 ||   206
Throw: Poisoned dart     |       |       |     7 |    39 |    92 |    23 ||   161
       Javelin           |       |       |       |     2 |     7 |     6 ||    15
       Curare dart       |       |       |       |       |     2 |     2 ||     4
Invok: Minor Destruction |       |       |    28 |    23 |    27 |     1 ||    79
       Lesser Servant of |       |       |     1 |     5 |    11 |     2 ||    19
       Greater Servant o |       |       |       |     1 |     5 |    10 ||    16
       Hurl Damnation    |       |       |       |     1 |       |       ||     1
Evoke: Wand              |       |       |     4 |     7 |     7 |     2 ||    20
       Box of beasts     |       |       |       |       |     1 |       ||     1
  Use: Potion            |       |     6 |     1 |       |     9 |     7 ||    23
       Scroll            |       |       |     1 |     2 |     8 |    10 ||    21
 Stab: Invisible         |       |     8 |       |       |       |       ||     8
       Paralysed         |       |       |    13 |       |       |       ||    13
       Distracted        |       |       |     1 |     2 |       |     5 ||     8
       Held in net/web   |       |       |       |       |       |     1 ||     1
       Confused          |       |       |       |       |       |     1 ||     1
Armor: Scale mail        |    73 |    49 |    10 |       |       |       ||   132
       Skin              |       |    14 |       |       |    13 |       ||    27
       Leather armour    |       |       |    34 |    38 |   110 |       ||   182
       Acid dragon scale |       |       |       |    29 |    78 |       ||   107
       Plate armour      |       |       |       |       |     2 |   117 ||   119
Dodge: Dodged            |    42 |    37 |   112 |   139 |   312 |   152 ||   794
Block: Shield            |   105 |   174 |   458 |   557 |  1434 |   772 ||  3500
       Reflection        |       |       |       |    24 |    27 |    39 ||    90
